 Dungeon Crawl Stone Soup version 0.19.1-1-g22dce08 (webtiles) character file.

3024 McKennaii the Zephyrmancer (level 9, 0/54 HPs)
             Began as a High Elf Air Elementalist on Jan 8, 2017.
             Was a Priest of Sif Muna.
             Slain by a killer bee (10 damage)
             ... on level 8 of the Dungeon.
             The game lasted 00:18:46 (5467 turns).

McKennaii the Zephyrmancer (HEAE)                   Turns: 5467, Time: 00:18:46

Health: 0/54       AC:  4    Str:  7    XL:     9   Next: 55%
Magic:  22/22      EV: 14    Int: 23    God:    Sif Muna [***...]
Gold:   377        SH:  0    Dex: 16    Spells: 5 memorised, 12 levels left

rFire  + . .     SeeInvis .     h - +2 quarterstaff (protect)
rCold  + . .     Gourm    .     t - +1 robe {rC+ rF+}
rNeg   . . .     Faith    .     (shield currently unavailable)
rPois  .         Spirit   .     (no helmet)
rElec  .         Reflect  .     j - +0 cloak
rCorr  .         Harm     .     (no gloves)
MR     +....                    (no boots)
Stlth  ++........               l - amulet of magic regeneration
                                (no ring)
                                G - ring of protection from magic

@: lethally poisoned (0 -> -2), repel missiles
A: no striking features
a: Divine Energy, Channel Magic, Renounce Religion


You were on level 8 of the Dungeon.
You worshipped Sif Muna.
Sif Muna was most pleased with you.
You were not hungry.

You visited 1 branch of the dungeon, and saw 8 of its levels.

You collected 377 gold pieces.

Inventory:

Hand Weapons
 h - a +2 quarterstaff of protection (weapon)
Armour
 a - a +0 robe
 j - a +0 cloak (worn)
 t - a +1 robe of resistance (worn)
Jewellery
 l - an amulet of magic regeneration (around neck)
 G - a ring of protection from magic (left hand)
Wands
 w - a wand of flame (16/48)
 x - a wand of acid (4/15)
 B - a wand of disintegration (12/24)
Scrolls
 d - 5 scrolls of remove curse {unknown}
 i - a scroll of fear {unknown}
 k - 6 scrolls of identify {unknown}
 m - 2 scrolls of teleportation {unknown}
 n - 3 scrolls of amnesia {unknown}
 q - 2 scrolls of immolation {unknown}
 u - 3 scrolls of magic mapping {unknown}
 y - a scroll of noise {unknown}
 D - a scroll of fog {unknown}
 E - a scroll of acquirement {unknown}
Potions
 e - 7 potions of curing {unknown}
 g - 6 potions of heal wounds {unknown}
 p - 2 potions of degeneration {unknown}
 s - a potion of flight {unknown}
 v - a potion of cure mutation {unknown}
 z - 2 potions of brilliance {unknown}
 A - a potion of berserk rage {unknown}
 C - 2 potions of mutation {unknown}
 F - 2 potions of lignification {unknown}
Books
 b - a book of Air

   Spells                             Type                      Level
   a - Shock                          Conjuration/Air              1
   b - Swiftness                      Charms/Air                   2
   c - Repel Missiles                 Charms/Air                   2
   d - Static Discharge               Conjuration/Air              3
   e - Lightning Bolt                 Conjuration/Air              5
 H - a book of Enchantments

   Spells                             Type                      Level
   a - Cause Fear                     Hexes                        4
   b - Yara's Violent Unravelling     Hexes/Transmutation          5
   c - Silence                        Hexes/Air                    5
   d - Deflect Missiles               Charms/Air                   6
   e - Discord                        Hexes                        8
Comestibles
 c - 9 bread rations
 f - 5 meat rations
 o - 2 slices of pizza
 r - 2 royal jellies


   Skills:
 + Level 2.1 Fighting
 + Level 0.2 Staves
 + Level 3.2 Dodging
 + Level 3.3 Stealth
 + Level 0.2 Unarmed Combat
 + Level 8.8 Spellcasting
 + Level 6.8 Conjurations
 + Level 1.2 Charms
 + Level 9.9 Air Magic
 + Level 0.8 Evocations


You had 12 spell levels left.
You knew the following spells:

 Your Spells              Type           Power        Failure   Level  Hunger
a - Shock                 Conj/Air       ####         1%          1    None
b - Swiftness             Chrm/Air       #####...     1%          2    None
c - Repel Missiles        Chrm/Air       #####.       1%          2    None
d - Static Discharge      Conj/Air       #####...     1%          3    None
e - Lightning Bolt        Conj/Air       #####.....   8%          5    ####...


Dungeon Overview and Level Annotations

Branches:
Dungeon (8/15)             Temple (0/1) D:5
   Lair: D:8-11

Altars:
Ashenzari
Elyvilon
Fedhas
Gozag
Qazlal
Ru
Sif Muna
Uskayaw
Vehumet
The Shining One


Message History

Evoking this partially-identified wand wasted a few charges.
You feel sick. The killer bee stings you.
* * * LOW HITPOINT WARNING * * *
The killer bee stings you.
* * * LOW HITPOINT WARNING * * *
There is an open door here.
You feel sick. The killer bee barely misses you.
Quiver which item? (- for none, * to show all) (? for menu, Esc to quit)
You don't have any such object.
Quiver which item? (- for none, * to show all) (? for menu, Esc to quit)
Okay, then.
Evoke which item? (* to show all) (? for menu, Esc to quit)
Zapping:
w - a wand of flame {zapped: 3} (will waste charges)
Press: ? - help, Shift-Dir - straight line, f - orc, p - killer bee
Aim: an orc, wielding a short sword The puff of flame hits the killer bee.
The killer bee is moderately wounded.
Evoking this partially-identified wand wasted a few charges.
The killer bee stings you!
You die...

### #######.# #.......#
#.#####.# #.# #.#
#.###.# #.#
#.....#####'#### ##
######.........#######(
#.o.y@........'.....'.
#.###y........#######.
#.# #.........# #....
#o# #..)......# ####. .
#.# #.........# ## ...
#.# #...<.....#
....#####.# #.........#
..........# #.........#
..........# #.........#


You could see 2 killer bees and an orc.

Vanquished Creatures
  A hippogriff (D:7)
  Sigmund (D:5)
  A spriggan (D:7)
  Duvessa (D:4)
  4 ice beasts
  An orc warrior (D:7)
  A sky beast (D:5)
  A black bear (D:7)
  A necrophage (D:7)
  3 ogres (D:5)
  A centaur (D:8)
  A big kobold (D:7)
  6 bullfrogs
  Dowan (D:4)
  A killer bee (D:8)
  2 crimson imps
  2 hounds
  A centaur zombie (D:5)
  2 iguanas
  4 orc priests
  Crazy Yiuf (D:2)
  5 orc wizards
  A bullfrog skeleton (D:7)
  3 worker ants
  A killer bee zombie (D:7)
  3 gnolls (D:3)
  8 adders
  A shadow imp (D:5)
  An ooze (D:6)
  An adder zombie (D:6)
  2 worms
  5 dart slugs
  3 leopard geckos
  18 orcs
  A giant cockroach (D:3)
  8 hobgoblins
  10 jackals
  12 kobolds
  3 quokkas
  2 ball pythons
  5 bats
  8 frilled lizards
  7 goblins
  A leopard gecko skeleton (D:7)
  5 rats
151 creatures vanquished.

Notes
Turn   | Place    | Note
-------+----------+-------------------------------------------
     0 | D:1      | McKennaii the High Elf Air Elementalist began the quest for the Orb.
     0 | D:1      | Reached XP level 1. HP: 11/11 MP: 4/4
   229 | D:1      | Reached skill level 4 in Air Magic
   311 | D:1      | Reached XP level 2. HP: 9/17 MP: 1/6
   529 | D:1      | Found a shattered altar of Ashenzari.
   810 | D:1      | Learned a level 2 spell: Swiftness
   813 | D:1      | Learned a level 2 spell: Repel Missiles
   954 | D:2      | Reached XP level 3. HP: 19/21 MP: 4/8
  1452 | D:2      | Found a runed door.
  1459 | D:2      | Noticed Crazy Yiuf
  1464 | D:2      | Killed Crazy Yiuf
  1464 | D:2      | Reached XP level 4. HP: 27/27 MP: 3/9
  1569 | D:3      | Found a faded altar of an unknown god.
  1569 | D:3      | Found a faded altar of an unknown god.
  1575 | D:3      | Found a faded altar of an unknown god.
  1577 | D:3      | Found a faded altar of an unknown god.
  1579 | D:3      | Found a white marble altar of Elyvilon.
  1768 | D:3      | Reached skill level 5 in Air Magic
  1810 | D:3      | Reached XP level 5. HP: 31/31 MP: 2/11
  2411 | D:4      | Reached XP level 6. HP: 36/36 MP: 5/13
  2529 | D:4      | Noticed Duvessa
  2552 | D:4      | Found an opulent altar of Gozag.
  2597 | D:4      | Noticed Dowan
  2614 | D:4      | Killed Duvessa
  2614 | D:4      | Reached skill level 5 in Spellcasting
  2614 | D:4      | Reached skill level 6 in Air Magic
  2628 | D:5      | Entered Level 5 of the Dungeon
  2852 | D:4      | Killed Dowan
  2852 | D:4      | Reached XP level 7. HP: 39/42 MP: 8/16
  3072 | D:4      | Found a deep blue altar of Sif Muna.
  3076 | D:4      | Became a worshipper of Sif Muna the Loreminder
  3079 | D:4      | Found a glowing golden altar of the Shining One.
  3079 | D:4      | Found a stormy altar of Qazlal.
  3079 | D:4      | Found a shattered altar of Ashenzari.
  3169 | D:5      | Noticed Sigmund
  3177 | D:5      | Killed Sigmund
  3177 | D:5      | Reached skill level 1 in Fighting
  3228 | D:5      | Reached skill level 7 in Air Magic
  3501 | D:5      | Reached * piety under Sif Muna
  3501 | D:5      | Reached skill level 1 in Charms
  3501 | D:5      | Reached XP level 8. HP: 48/48 MP: 7/18
  3756 | D:5      | Found a staircase to the Ecumenical Temple.
  3903 | D:5      | Reached skill level 5 in Conjurations
  4090 | D:6      | Found a sacrificial altar of Ru.
  4154 | D:6      | Found a radiant altar of Vehumet.
  4163 | D:6      | Reached skill level 8 in Air Magic
  4389 | D:6      | Found a blossoming altar of Fedhas.
  4581 | D:7      | Reached ** piety under Sif Muna
  4607 | D:7      | Noticed a hippogriff
  4614 | D:7      | Killed a hippogriff
  4614 | D:7      | Reached skill level 9 in Air Magic
  4614 | D:7      | Reached XP level 9. HP: 42/53 MP: 9/21
  4651 | D:7      | Found a hide-covered altar of Uskayaw.
  5190 | D:7      | Learned a level 3 spell: Static Discharge
  5196 | D:7      | Learned a level 5 spell: Lightning Bolt
  5235 | D:7      | Reached *** piety under Sif Muna
  5467 | D:8      | Slain by a killer bee

Skill      XL: |  1  2  3  4  5  6  7  8  9 |
---------------+----------------------------+-----
Air Magic      | 4 5 6 7 9 |  9.9
Spellcasting   | 3 4 5 6 7 8 |  8.8
Conjurations   | 2 3 4 6 |  6.8
Fighting       | 1 2 |  2.1
Charms         | 1 |  1.2
Stealth        | 3 |  3.3
Dodging        | 3 |  3.2
Staves         | |  0.2
Unarmed Combat | |  0.2
Evocations     | |  0.8

Action                   |  1- 3 |  4- 6 |  7- 9 || total
-------------------------+-------+-------+-------++-------
Melee: Unarmed           |    23 |     1 |       ||    24
       Quarterstaff      |       |       |     3 ||     3
 Cast: Shock             |    88 |   113 |   223 ||   424
       Repel Missiles    |     1 |     1 |     2 ||     4
       Swiftness         |       |       |     1 ||     1
Evoke: Wand              |       |       |     4 ||     4
  Eat: Fruit             |     3 |       |     1 ||     4
       Meat ration       |       |     1 |       ||     1
       Pizza             |       |       |     2 ||     2
       Beef jerky        |       |       |     1 ||     1
       Royal jelly       |       |       |     1 ||     1
Armor: Robe              |     4 |     6 |    10 ||    20
Dodge: Dodged            |    29 |    34 |    62 ||   125
       Deflected         |     1 |     3 |     1 ||     5
